 Dungeon Crawl Stone Soup version 0.29-a0-275-g389c0b56f3 (webtiles) character file.

Game seed: 2097568447625764995

209 jmlagarto the Shield-Bearer (level 6, -7/48 HPs)
             Began as a Formicid Fighter on Mar 12, 2022.
             Was a Follower of Okawaru.
             Mangled by an ogre
             ... wielding a +0 giant spiked club
              (17 damage)
             ... on level 4 of the Dungeon.
             The game lasted 00:05:15 (3256 turns).

jmlagarto the Shield-Bearer (Formicid Fighter)      Turns: 3256, Time: 00:05:16

Health: -7/48      AC: 11    Str: 21    XL:     6   Next: 12%
Magic:  4/6        EV: 11    Int:  7    God:    Okawaru [*.....]
Gold:   178        SH:  6    Dex: 11    Spells: 5/5 levels left

rFire   . . .      SeeInvis +   o - +7 Throatcutter {drain, coup de grace}
rCold   . . .      Faith    .   c - +0 buckler
rNeg    + . .      Spirit   .   b - +0 scale mail
rPois   +          Reflect  .   (helmet unavailable)
rElec   .          Harm     .   y - +2 ratskin cloak {*Rats rPois rN+ Str-1 Int-1 Dex+1}
rCorr   .          Rampage  .   (no gloves)
Will    +....                   (no boots)
Stlth   +.........              (no amulet)
HPRegen 0.16/turn               t - ring of willpower
MPRegen 0.10/turn               (no ring)

@: heroic, very slow
A: permanent stasis, dig shafts and tunnels, antennae 3, four strong arms
a: Dig, Shaft Self, Renounce Religion, Heroism


You were on level 4 of the Dungeon.
You worshipped Okawaru.
Okawaru was aware of your devotion.
You visited 1 branch of the dungeon, and saw 4 of its levels.

You collected 178 gold pieces.

Inventory:

Hand Weapons
 a - a +0 flail
 m - a +3 whip
 o - the +7 Throatcutter (weapon) {drain, coup de grace}
   (You found it on level 2 of the Dungeon)

   A truly terrible weapon, it drains the life of any living foe it strikes.
   It may instantly kill foes which have little health.
Missiles
 q - 3 poisoned darts
 w - 2 throwing nets
Armour
 b - a +0 scale mail (worn)
 c - a +0 buckler (worn)
 x - a +1 cloak
 y - the +2 ratskin cloak (worn) {*Rats rPois rN+ Str-1 Int-1 Dex+1}
   (You found it on level 3 of the Dungeon)

   When the wearer is hurt, rats may emerge from it to assist them.
   Str:       It affects your strength (-1).
   Int:       It affects your intelligence (-1).
   Dex:       It affects your dexterity (+1).
   rPois:     It protects you from poison.
   rN:        It protects you from negative energy.
Jewellery
 t - a ring of willpower (left hand)
 u - a +6 ring of intelligence
Scrolls
 e - 3 scrolls of identify {unknown}
 h - 2 scrolls of enchant armour {unknown}
 i - 2 scrolls of magic mapping {unknown}
 j - a scroll of amnesia {unknown}
 p - a scroll of noise {unknown}
 r - 2 scrolls of immolation {unknown}
 s - a scroll of blinking {unknown}
Potions
 d - 2 potions of might
 f - a potion of cancellation {unknown}
 g - a potion of attraction {unknown}
 k - a potion of curing
 l - a potion of mutation {unknown}
 n - a potion of degeneration {unknown}
 v - a potion of heal wounds {unknown}


   Skills:
 + Level 4.0(9.0) Fighting
 + Level 1.5(6.5) Long Blades
 + Level 3.0(8.0) Maces & Flails
 + Level 4.4(9.4) Armour
 + Level 1.0(6.0) Dodging
 + Level 0.7(5.7) Stealth
 + Level 4.7(9.7) Shields


You had 5 spell levels left.
You didn't know any spells.
Your spell library contained the following spells:

 Spells                   Type           Power      Damage    Failure   Level
 Slow                     Hex            0%         N/A       77%         1
 Confusing Touch          Hex            0%         N/A       98%         3
 Vampiric Draining        Necr           0%         2d6       98%         3


Dungeon Overview and Level Annotations

Branches:
Dungeon (4/15)
 Temple: D:4-7

Altars:
Nemelex Xobeh
Okawaru


Innate Abilities, Weirdness & Mutations

You cannot be hasted, slowed, berserked, paralysed or teleported.
You can dig through walls and to a lower floor.
You have a pair of large antennae on your head. (SInv)
Your four strong arms can wield two-handed weapons with a shield.


Message History

a +0 dagger; 8 poisoned darts; a kobold corpse The ogre looks more healthy.
The dart slug bites you but does no damage.
The dart slug launches a dart at you. You block the slug dart.
The ogre hits you but does no damage. Why would you want to do that?
Why would you want to do that?
Your unstable footing causes you to fumble your attack.
The ogre hits you with a +0 giant spiked club.
The dart slug launches a dart at you.
The slug dart hits you but does no damage.
The dart slug launches a dart at you.
The slug dart hits you but does no damage.
Your unstable footing causes you to fumble your attack.
The ogre closely misses you.
The dart slug bites you but does no damage.
Found a stone staircase leading down.
You block the ogre's attack.
You hit the ogre.
The ogre is moderately wounded.
The dart slug launches a dart at you. The slug dart hits you.
The dart slug launches a dart at you. The slug dart hits you.
* * * LOW HITPOINT WARNING * * *
The ogre hits you with a +0 giant spiked club.
* * * LOW HITPOINT WARNING * * *
Okay, then.
Non-targeted abil: Dig
Press: ? - help, Q - select action, (/) - cycle Dir - look around, f - activate
Okay, then.
Okay, then.
You gain the combat prowess of a mighty hero.
The dart slug launches a dart at you.
The slug dart hits you but does no damage.
The dart slug launches a dart at you. The slug dart misses you.
Your unstable footing causes you to fumble your attack.
The ogre hits you with a +0 giant spiked club!
You die...

... ...> ... .. #$
#.## ### #
##..###...##
#.##≈≈.@≈#....#
##w≈≈≈O≈##w##.###
#≈≈≈≈≈≈w≈≈≈≈#....#
#≈≈≈#≈≈≈≈#≈≈≈..#.#
.≈≈≈≈≈≈≈)≈#≈≈≈.#..#
≈≈≈≈≈≈≈≈w≈≈≈≈≈≈#.#
≈≈≈≈#≈≈≈≈≈#≈#†≈≈.#
≈≈≈.≈≈$..≈≈.)≈≈≈.#
≈.)$♣.<$..?.≈†..#


You could see an ogre and 3 dart slugs.

Vanquished Creatures
  An iguana (D:4)
  Terence (D:2)
  An orc wizard (D:3)
  2 gnolls (D:1)
  5 adders
  2 worms
  6 dart slugs
  An orc (D:3)
  8 bats
  2 endoplasms (D:2)
  A giant cockroach (D:3)
  4 goblins
  5 hobgoblins
  2 quokkas
  4 ball pythons
  5 frilled lizards
  7 kobolds
57 creatures vanquished.

Notes
Turn   | Place    | Note
-------+----------+-------------------------------------------
     0 | D:1      | jmlagarto the Formicid Fighter began the quest for the Orb.
     0 | D:1      | Reached XP level 1. HP: 18/18 MP: 1/1
   344 | D:1      | Found a faded altar of an unknown god.
   365 | D:1      | Prayed at the altar of an unknown god.
   365 | D:1      | Became a worshipper of Warmaster Okawaru
   365 | D:1      | Reached * piety under Okawaru
   423 | D:1      | Reached XP level 2. HP: 17/24 MP: 2/2
   552 | D:1      | Reached XP level 3. HP: 26/29 MP: 3/3
  1405 | D:2      | Reached XP level 4. HP: 37/37 MP: 4/4
  1442 | D:2      | Found a sparkling altar of Nemelex Xobeh.
  1443 | D:2      | Found the +7 Throatcutter {drain, coup de grace}
  1685 | D:2      | Noticed Terence
  1699 | D:2      | Killed Terence
  1913 | D:2      | Reached XP level 5. HP: 42/42 MP: 5/5
  2147 | D:3      | Found the +2 ratskin cloak {*Rats rPois rN+ Str-1 Int-1
                  | Dex+1}
  2509 | D:3      | Reached ** piety under Okawaru
  2852 | D:3      | Reached skill level 1 in Long Blades
  3222 | D:4      | Reached skill level 1 in Dodging
  3222 | D:4      | Reached XP level 6. HP: 48/48 MP: 6/6
  3238 | D:4      | Noticed an ogre
  3256 | D:4      | Mangled by an ogre

Illustrated notes

Levels and vault maps discovered:
D:1:      eino_arrival_water_star, layout_loops_corners,
          ebering_ecumenical_altar_webs
D:2:      layout_basic, basic_altar, uniq_terence
D:3:      kb_forest_paths, layout_basic, corexii_hall_statues_u
D:4:      kennysheep_slugbush, layout_basic, mainiacjoe_overflow_catch_the_wave,
          serial_shops, nicolae_square_shop, minmay_quantized

Skill      XL: |  1  2  3  4  5 |
---------------+----------------+-----
Shields        | 4 |  4.7
Armour         | 4 |  4.4
Long Blades    | 1 |  1.5
Maces & Flails | 3 |  3.0
Fighting       | 4 |  4.0
Dodging        | 1 |  1.0
Stealth        | |  0.7

Action                   |  1- 3 |  4- 6 || total
-------------------------+-------+-------++-------
Melee: Flail             |    56 |       ||    56
       Whip              |    25 |     5 ||    30
       Long sword        |       |    66 ||    66
Invok: Heroism           |       |     1 ||     1
 Abil: Dig               |     2 |       ||     2
Armor: Scale mail        |    52 |    34 ||    86
Dodge: Dodged            |    37 |    46 ||    83
Block: Buckler           |    18 |    15 ||    33

Table legend: (Time is in decaauts)
 A = Elapsed time spent in this place.
 B = Non-inter-level travel time spent in this place.
 C = Inter-level travel time spent in this place.
 D = Time resting spent in this place.
 E = Time spent auto-exploring this place.
 F = Levels seen in this place.
 G = Mean time per level.
                   A        B        C        D        E       F      G
               +--------+--------+--------+--------+--------+-----+--------+
         Total |   3305 |   3161 |    144 |      0 |   2651 |   4 |  826.2 |
       Dungeon |   3305 |   3161 |    144 |      0 |   2651 |   4 |  826.2 |
               +--------+--------+--------+--------+--------+-----+--------+

Top non-repeatable levels by time:
     D:3: 1156 daAuts
     D:1: 1105 daAuts
     D:2: 995 daAuts
     D:4: 47 daAuts
